 Dungeon Crawl Stone Soup version 0.29.1-2-gbd0b4ee654 (webtiles) character file.

Game seed: 2396935250759613633

2672 croobank the Nimble (level 9, 0/44 HPs)
             Began as a Felid Summoner on Oct 23, 2022.
             Killed from afar by Joseph (17 damage)
             ... with a bolt of dispelling energy
             ... on level 8 of the Dungeon.
             The game lasted 02:15:16 (13623 turns).

croobank the Nimble (Felid Summoner)               Turns: 13623, Time: 02:15:17

Health: 0/44       AC:  2    Str:  3    XL:     9   Next: 37%
Magic:  0/18       EV: 26    Int: 19    God:
Gold:   407        SH:  5    Dex: 27    Spells: 4/19 levels left
                                        Lives:  0   Deaths: 2

rFire   . . .      SeeInvis +   (weapon unavailable)
rCold   . . .      Faith    .   (shield unavailable)
rNeg    + . .      Spirit   .   (body armour unavailable)
rPois   .          Reflect  +   (helmet unavailable)
rElec   .          Harm     .   (cloak unavailable)
rCorr   .          Rampage  .   (gloves unavailable)
Will    +....                   (boots unavailable)
Stlth   +++.......              l - amulet of reflection
HPRegen 0.14/turn               b - +6 ring of dexterity
MPRegen 0.16/turn               d - ring of positive energy

@: quick
A: very small, claws 1, fangs 3, see invisible, speed 1, shaggy fur 2, stealthy
paws, no weapons or thrown items, no armour, multi-lived, agile 1, screaming 1,
wild magic 1
a: no special abilities


You were on level 8 of the Dungeon.
You visited 1 branch of the dungeon, and saw 9 of its levels.

You collected 407 gold pieces.

Inventory:

Jewellery
 b - a +6 ring of dexterity (left paw)
 d - a ring of positive energy (right paw)
 g - a ring of protection from cold
 h - an amulet of the acrobat
 l - an amulet of reflection (around neck)
 o - a ring of fire
 p - a +4 ring of protection
Wands
 i - a wand of roots (9)
 n - a wand of flame (14)
Scrolls
 k - a scroll of poison
Potions
 a - a potion of magic
 c - 2 potions of might
 e - a potion of flight
 f - a potion of lignification
 j - 2 potions of degeneration {unknown}
 m - 3 potions of brilliance {unknown}


   Skills:
 * Level 8.2 Fighting
 + Level 8.2 Dodging
 - Level 3.4 Stealth
 + Level 5.8 Spellcasting
 - Level 5.0 Hexes
 + Level 7.3 Summonings
 + Level 1.1 Translocations
 + Level 4.1 Air Magic


You had 4 spell levels left.
You knew the following spells:

 Your Spells              Type           Power      Damage    Failure   Level
a - Summon Small Mammal   Summ           100%       N/A       1%          1
b - Call Imp              Summ           43%        N/A       1%          2
c - Call Canine Familiar  Summ           43%        N/A       3%          3
d - Summon Guardian Gole  Hex/Summ       37%        N/A       4%          3
e - Summon Lightning Spi  Summ/Air       35%        N/A       16%         4
f - Blink                 Tloc           24%        N/A       16%         2

Your spell library contained the following spells:

 Spells                   Type           Power      Damage    Failure   Level
 Manifold Assault         Tloc           12%        N/A       93%         5
 Dispersal                Tloc           6%         N/A       100%        6
 Storm Form               Tmut/Air       8%         N/A       100%        7
 Disjunction              Tloc           6%         N/A       100%        8


Dungeon Overview and Level Annotations

Branches:
Dungeon (9/15)             Temple (0/1) D:7
   Lair: D:8-11         Orc: D:9-12

Altars:
Fedhas
Ru
Trog
Uskayaw
Xom
Zin
The Shining One

Annotations:
D:8 Joseph


Innate Abilities, Weirdness & Mutations

You have sharp claws.
You have razor-sharp teeth.
You have supernaturally acute eyesight. (SInv)
You cover ground quickly. (Speed+)
You are covered in thick fur. (AC +2)
Your paws help you pounce on unaware monsters.
You are incapable of wielding weapons or throwing items.
You cannot wear armour.
You gain extra lives every three experience levels.
You are agile. (Dex +4, Str/Int -1)
You occasionally shout uncontrollably at your foes.
Your spells are a little harder to cast, but a little more powerful.


Message History

Your guardian golem explodes!
The fiery explosion engulfs your lightning spire.
Your lightning spire resists.
The fiery explosion engulfs your wolf!!
The fiery explosion engulfs Joseph!!
Casting: Call Canine Familiar (dangerous; 3% risk of failure)
Confirm with . or Enter, or press ? or * to list all spells.
A guardian golem appears, shielding your allies.
Your wolf is engulfed in blazing flames.
Your wolf barely misses Joseph.
Your lightning spire shoots out a bolt of lightning at Joseph!
The bolt of electricity hits Joseph.
Joseph shoots a sling bullet.
The sling bullet completely misses your lightning spire.
The sling bullet hits you! What are your orders? t - Yowl!
Orders for allies: a - Attack new target. p - Attack previous target. r - Retreat! s - Stop attacking. g - Guard the area. f - Follow me.
Anything else - Cancel.
Gang up on whom?
Press: ? - help, Dir - move target, f/p - Joseph
Aim: Joseph, wielding a +0 sling, wearing a +3 ring mail of cold resistance and carrying a wand of quicksilver (3) (severely wounded, not watching you, ally target) Attack!
Your wolf is engulfed in blazing flames.
Your wolf dies!
Your wolf's corpse disappears in a puff of smoke!
Your lightning spire shoots out a bolt of lightning at Joseph!
The bolt of electricity hits Joseph!
Your guardian golem is engulfed in blazing flames.
Joseph zaps a wand.
The bolt of dispelling energy hits your guardian golem!
The bolt of dispelling energy hits your lightning spire!
Your lightning spire's magical effects unravel!
The bolt of dispelling energy misses you.
Joseph zaps a wand.
The bolt of dispelling energy hits your guardian golem.
The bolt of dispelling energy hits your lightning spire!!
Your lightning spire's magical effects unravel!
The bolt of dispelling energy hits you!
You die...

.#.. ..# # ...#.. ...###.# ###.
#...# .#..#@.## ....# #..#
##....... ##..####.# .........
#.....#..## ....# # ##....@§>.#
##..# .###..###9§.## # #..##
...##.)##8.§..#.##... o.b.##
.......#<@.##[[......
...§.##.......)......[......
####o#................)##...
#..T........###......##........
#........... #.......#. .....
#........... .......$.. .... .
##......... #..........#...#.#
#....#.... #.##..............
###..#$... .. .....#...oo...


You could see Joseph (distracted, ally target), a friendly guardian golem
(summoned) and a friendly lightning spire (summoned).

Vanquished Creatures
  An ice beast (D:6)
  A crimson imp (D:3)
  A gnoll (D:4)
  An adder (D:6)
  2 bats (D:1)
  An endoplasm (D:3)
  3 giant cockroaches
  2 goblins
  3 hobgoblins
  A frilled lizard (D:1)
16 creatures vanquished.

Vanquished Creatures (collateral kills)
  2 sky beasts (D:7)
  2 ogres
  An ice beast (D:7)
  2 centaurs
  A kobold brigand (D:6)
  A scorpion (D:5)
  A bullfrog (D:7)
  4 wights
  3 crimson imps (D:3)
  A jelly (D:6)
  2 hounds
  8 orc priests
  4 iguanas
  8 orc wizards
  3 gnolls
  5 adders
  A shadow imp (D:7)
  3 white imps
  3 ufetubi
  A worm (D:2)
  31 orcs
  2 ball pythons
  8 endoplasms
  2 giant cockroaches
  3 goblins
  8 hobgoblins
  9 jackals
  4 quokkas
  3 bats
  4 frilled lizards
  10 kobolds
  4 rats
144 creatures vanquished.

Vanquished Creatures (others)
  Grinder (D:3)
  4 vampire mosquitoes (D:7)
  A water moccasin (D:6)
  2 orc warriors
  An ice beast (D:6)
  2 black bears
  A centaur (D:7)
  A gnoll sergeant (D:4)
  A necrophage (D:6)
  13 wights
  A jelly (D:6)
  An iguana (D:5)
  An orc wizard (D:4)
  2 gnolls
  5 orcs
  5 fungi (D:6)
42 creatures vanquished.

Grand Total: 202 creatures vanquished

Notes
Turn   | Place    | Note
-------+----------+-------------------------------------------
     0 | D:1      | croobank the Felid Summoner began the quest for the Orb.
     0 | D:1      | Reached XP level 1. HP: 7/7 MP: 4/4
   177 | D:1      | Reached XP level 2. HP: 9/11 MP: 4/6
   180 | D:1      | Learned a level 2 spell: Call Imp
  1045 | D:1      | Reached XP level 3. HP: 14/14 MP: 2/7
  1045 | D:1      | Upgraded the game from 0.29.1-1-gd02db6906a to
                  | 0.29.1-2-gbd0b4ee654
  1480 | D:2      | Learned a level 3 spell: Call Canine Familiar
  2531 | D:2      | Reached skill level 1 in Fighting
  2765 | D:3      | Found a shimmering altar of Xom.
  2797 | D:3      | Reached XP level 4. HP: 14/19 MP: 2/9
  2900 | D:3      | Reached XP level 5. HP: 22/22 MP: 5/10
  2945 | D:3      | Identified the +0 ring mail "Qitakkac" {*Slow rPois rC+
                  | Str+3}
  3080 | D:3      | Learned a level 3 spell: Summon Guardian Golem
  3489 | D:3      | Noticed Grinder
  3501 | D:3      | Killed Grinder
  3502 | D:3      | Gained mutation: You are covered in thick fur. (AC +2)
                  | [Felid growth]
  3502 | D:3      | Reached XP level 6. HP: 28/28 MP: 2/11
  3643 | D:3      | Reached skill level 5 in Summonings
  3789 | D:3      | Found a faded altar of an unknown god.
  4459 | D:4      | Reached XP level 7. HP: 27/31 MP: 8/13
  4497 | D:4      | Reached skill level 5 in Dodging
  5103 | D:4      | Gained mutation: Your spells are a little harder to cast,
                  | but a little more powerful. [potion of mutation]
  5103 | D:4      | Gained mutation: You occasionally shout uncontrollably at
                  | your foes. [potion of mutation]
  5103 | D:4      | Gained mutation: You are agile. (Dex +4, Str/Int -1)
                  | [potion of mutation]
  6689 | D:5      | Entered Level 5 of the Dungeon
  7012 | D:5      | Reached XP level 8. HP: 36/36 MP: 10/15
  7651 | D:5      | Reached skill level 5 in Fighting
  7773 | D:5      | Reached skill level 1 in Air Magic
  7789 | D:5      | Reached skill level 5 in Hexes
  7895 | D:5      | Found a bloodstained altar of Trog.
  8104 | D:5      | Found a glowing golden altar of the Shining One.
  8492 | D:6      | Learned a level 4 spell: Summon Lightning Spire
  9115 | D:6      | Found a hide-covered altar of Uskayaw.
  9170 | D:6      | Found a sacrificial altar of Ru.
  9189 | D:6      | Reached XP level 9. HP: 41/41 MP: 7/17
  9558 | D:6      | Shot with an arrow by a centaur
  9559 | D:6      | Reached XP level 8. HP: 0/39 MP: 14/16
  9961 | D:8      | Noticed Joseph
  9963 | D:8      | Noticed a troll
 10041 | D:7      | Reached skill level 5 in Spellcasting
 10113 | D:7      | Killed from afar by an orc priest
 10114 | D:7      | Reached XP level 7. HP: -4/35 MP: 4/15
 10947 | D:6      | Reached XP level 8. HP: 15/40 MP: 7/16
 11633 | D:7      | Found a blossoming altar of Fedhas.
 11731 | D:7      | Found a staircase to the Ecumenical Temple.
 11805 | D:7      | Found a glowing silver altar of Zin.
 11872 | D:7      | Reached XP level 9. HP: 44/44 MP: 8/18
 13247 | D:7      | Learned a level 2 spell: Blink
 13563 | D:8      | Reached skill level 1 in Translocations
 13623 | D:8      | Killed from afar by Joseph

Illustrated notes

Levels and vault maps discovered:
D:1:      dpeg_arrival_boxorama, layout_basic, serial_bayou_ford_a
D:2:      layout_loops_ring, minmay_ruptured
D:3:      layout_loops_corners, led_xom_imps,
          hellmonk_ecumenical_altar_pennies_from_heaven,
          nicolae_figureground_pulse, uniq_grinder
D:4:      kennysheep_big_flooded_room, layout_basic, roderic_serpentine_path,
          grunt_decor_resistance
D:5:      layout_basic, lemuel_tele_altar, mainiacjoe_overflow_alcove_2
D:6:      layout_basic, nicolae_uskayaw_dance_studio, nicolae_ru_awakened_eye,
          serial_aquarium, aquarium_bridge_square [aquarium_subvault_bridge,
          aquarium_subvault_bridge, aquarium_subvault_wall,
          aquarium_subvault_balcony], aquarium_window_3, aquarium_window_fake,
          aquarium_view_2c, aquarium_pool_side
D:7:      layout_loops_ring, overflow_temple_1_default, general_overflow_altar,
          minmay_temple_entry_hall, minmay_stone_trees_small,
          chequers_hall_statues_corner_a
D:8:      layout_cave_pools, nicolae_overflow_crystal_walls,
          nicolae_qazlal_general_emergency, uniq_grum, uniq_joseph
D:9:      layout_roguey, mainiacjoe_overflow_alcove_4, uniq_psyche

Skill      XL: |  1  2  3  4  5  6  7  8  9 |
---------------+----------------------------+-----
Stealth        | 3 |  3.4
Dodging        | 3 4 5 8 |  8.2
Fighting       | 1 2 3 7 6 8 |  8.2
Spellcasting   | 3 4 5 |  5.8
Hexes          | 2 4 5 |  5.0
Summonings     | 5 7 |  7.3
Air Magic      | 3 2 4 |  4.1
Translocations | 1 |  1.1

Action                   |  1- 3 |  4- 6 |  7- 9 || total
-------------------------+-------+-------+-------++-------
Melee: Unarmed           |    38 |    20 |    34 ||    92
       Punch             |     1 |       |       ||     1
       Bite              |     2 |     1 |     4 ||     7
 Cast: Summon Small Mamm |    53 |    25 |   107 ||   185
       Call Imp          |    10 |     7 |    14 ||    31
       Call Canine Famil |    10 |    13 |    73 ||    96
       Summon Guardian G |       |     1 |    59 ||    60
       Summon Lightning  |       |       |     2 ||     2
Evoke: Wand              |       |       |     1 ||     1
  Use: Potion            |     1 |       |     9 ||    10
       Scroll            |       |     4 |    10 ||    14
 Stab: Sleeping          |     4 |       |       ||     4
       Distracted        |       |     1 |     1 ||     2
Armor: Skin              |     5 |     1 |     9 ||    15
Dodge: Dodged            |    52 |    50 |   127 ||   229
Block: Other             |       |       |    20 ||    20
       Reflection        |       |       |     6 ||     6
